 Dungeon Crawl Stone Soup version 0.25.1-2-g60ff931df9 (webtiles) character file.

Game seed: 9627818653882770296

12205 Gynju the Transmogrifier (level 11, -9/90 HPs)
             Began as a Merfolk Transmuter on Aug 19, 2020.
             Was a Priest of Wu Jian.
             Mangled by a blink frog (17 damage)
             ... on level 2 of the Lair of Beasts.
             The game lasted 00:27:17 (13688 turns).

Gynju the Transmogrifier (Merfolk Transmuter)      Turns: 13688, Time: 00:27:18

Health: -9/90      AC:  6    Str: 13    XL:     11   Next: 89%
Magic:  15/21      EV: 31    Int: 13    God:    Wu Jian [***...]
Gold:   554        SH:  0    Dex: 20    Spells: 13/24 levels left

rFire    . . .     SeeInvis .     - Unarmed
rCold    . . .     Gourm    .   (shield currently unavailable)
rNeg     . . .     Faith    .   (armour currently unavailable)
rPois    x         Spirit   .   (helmet currently unavailable)
rElec    .         Reflect  .   (cloak currently unavailable)
rCorr    .         Harm     .   (gloves currently unavailable)
MR       .....                  (boots currently unavailable)
Stlth    +++.......             C - amulet of regeneration
HPRegen  0.65/turn              h - +4 ring of slaying
MPRegen  0.17/turn              A - +4 ring of protection

@: spider-form (expiring)
A: tiny, (change form in water), (swift swim), (stealthy swim)
a: End Transformation, Wall Jump, Serpent's Lash, Renounce Religion


You were on level 2 of the Lair of Beasts.
You worshipped Wu Jian.
Wu Jian was most pleased with you.
You were not hungry.
You were a venomous arachnid creature.
You visited 2 branches of the dungeon, and saw 10 of its levels.
You also visited: Sewer.

You collected 554 gold pieces.

Inventory:

Missiles
 a - 180 arrows
 f - 50 poisoned darts (quivered)
Armour
 x - a +2 helmet
 H - a +1 pair of boots (melded)
 L - a +2 robe of cold resistance
 N - +0 steam dragon scales (melded)
Jewellery
 h - a +4 ring of slaying (left front leg)
 A - a +4 ring of protection (right front leg)
 C - an amulet of regeneration (around neck)
 D - the ring "Vaohaf" {rElec rF+ MR++ Str-3 Int-4}
   (You found it on level 4 of the Dungeon)

   [ring of intelligence]

   It affects your strength (-3).
   It affects your intelligence (-4).
   It protects you from fire.
   It insulates you from electricity.
   It affects your resistance to hostile enchantments.
 K - an uncursed ring of ice
Wands
 e - a wand of disintegration (17)
 r - a wand of flame (11)
 v - a wand of iceblast (6)
 w - a wand of digging (5)
 F - a wand of clouds (8)
 J - a wand of polymorph (9)
 M - a wand of acid (8)
Scrolls
 b - a scroll of enchant armour
 g - a scroll of brand weapon {unknown}
 i - 7 scrolls of identify {@r1}
 l - 4 scrolls of remove curse {@r2}
 o - 2 scrolls of magic mapping {unknown}
 p - 6 scrolls of teleportation
 t - a scroll of blinking
 y - a scroll of immolation
 B - 2 scrolls of enchant weapon
 G - 2 scrolls of fear
Potions
 c - 6 potions of curing {@q1}
 j - a potion of resistance
 k - 3 potions of heal wounds
 m - 3 potions of lignification {unknown}
 n - 4 potions of brilliance
 q - 2 potions of flight {unknown}
 s - 2 potions of mutation {unknown}
 u - 2 potions of ambrosia {unknown}
 z - 2 potions of haste {unknown}
 I - a potion of stabbing {unknown}
Comestibles
 d - 14 rations
 E - 9 chunks of flesh


   Skills:
 - Level 10.0 Fighting
 - Level 10.0 Dodging
 - Level 5.0 Stealth
 + Level 9.5 Unarmed Combat
 - Level 7.0 Spellcasting
 - Level 10.0 Transmutations
 - Level 5.0 Poison Magic


You had 13 spell levels left.
You knew the following spells:

 Your Spells              Type           Power        Failure   Level  Hunger
a - Blade Hands           Tmut           ####......   19%         5    ######.
b - Spider Form           Tmut/Pois      ###.......   8%          3    ##.....
c - Sticks to Snakes      Tmut           ####....     3%          2    #......
d - Beastly Appendage     Tmut           ####..       2%          1    None

Your spell library contained the following spells:

 Spells                   Type           Power        Failure   Level  Hunger
 Poisonous Vapours        Pois/Air       ##....       22%         2    #......
 Corona                   Hex            #......      34%         1    None
 Shock                    Conj/Air       #...         34%         1    None
 Ice Form                 Ice/Tmut       ###.....     38%         4    ####...
 Swiftness                Chrm/Air       #.......     43%         2    #......
 Mephitic Cloud           Conj/Pois/Air  #.......     45%         3    ##.....
 Conjure Flame            Conj/Fire      #.......     63%         3    ##.....
 Dazzling Flash           Conj/Hex       #.....       63%         3    ##.....
 Static Discharge         Conj/Air       #.......     63%         3    ##.....
 Tukima's Dance           Hex            #.......     63%         3    ##.....
 Airstrike                Air            #.........   94%         4    ####...
 Lightning Bolt           Conj/Air       #.........   99%         5    ######.
 Freezing Cloud           Conj/Ice/Air   #.........   100%        6    #######
 Ozocubu's Refrigeration  Ice            #.........   100%        6    #######
 Ring of Flames           Chrm/Fire      #.........   100%        7    #######


Dungeon Overview and Level Annotations

Branches:
Dungeon (8/15)             Temple (0/1) D:7            Lair (2/6) D:8
  Sewer (visited)
  Swamp: Lair:2-4    Shoals: Lair:2-4     Snake: Lair:2-4    Spider: Lair:2-4

Altars:
Dithmenos
Elyvilon
Fedhas
Gozag
Hepliaklqana
Nemelex Xobeh
Qazlal
Ru
Trog
Uskayaw
Vehumet
Wu Jian

Shops:
D:4 *

Annotations:
D:4 4 runed translucent doors
D:8 exclusion: jelly


Message History

The blink frog looks as sick as possible!
The blink frog is heavily wounded.
The blink frog closely misses you. The blink frog completely misses you.
You closely miss the blink frog.
The blink frog is heavily wounded.
The blink frog blinks!
The blink frog completely misses you.
You bite the blink frog!
The blink frog looks as sick as possible!
The blink frog is almost dead.
The blink frog hits you!
* * * LOW HITPOINT WARNING * * *
You bite the blink frog!
You kill the blink frog!
The Council accepts your kill.
The blink frog blinks!
You barely miss the blink frog.
The blink frog completely misses you. x2
You maul the blink frog!!
The blink frog is poisoned.
The blink frog is heavily wounded.
The blink frog hits you!
You die...

..##.###.# #.##.#...
#..#...# #### #..#...# ####
####..## #..#...# #..#
.......###.....## #..#
..#.#.......#..## ##..#
..####......#...###§..#
...###......##..sF.†..#
...##P.......##.##..###
...#......#.#######.##
.......#.##.##.......#
...................†.#
#†#................F........
.#######.#.#..#.##...#......
####... ..##..## #........$.
......$ ..#.#.# P...# .....


You could see a blink frog (very poisoned).

Vanquished Creatures
  Fannar (Lair:1)
  7 rime drakes
  A polar bear (Lair:2)
  3 blink frogs (Lair:2)
  2 hippogriffs
  A spriggan (D:7)
  Sigmund (D:6)
  A wyvern (D:8)
  Eustachio (D:6)
  6 yaks (Lair:2)
  A basilisk (Lair:2)
  11 steam dragons
  An acid dragon (Lair:2)
  6 water moccasins
  3 porcupines
  2 orc warriors (D:8)
  4 black bears
  2 eyes of draining (D:4)
  3 ogres
  2 sky beasts
  A phantom (D:7)
  An ice beast (D:7)
  8 wolves
  3 centaurs
  4 crocodiles (Lair:1)
  6 bullfrogs
  3 big kobolds
  A gnoll sergeant (D:6)
  4 scorpions
  5 wights (D:8)
  4 crimson imps
  A bullfrog skeleton (D:4)
  5 hounds
  3 jellies
  3 orc priests
  A gnoll shaman (D:4)
  An orc wizard (D:8)
  2 iguanas
  Natasha (thrice) (D:4)
  3 worker ants
  Robin (D:4)
  7 gnolls
  A river rat (D:3)
  6 adders
  4 shadow imps
  4 worms
  2 dart slugs
  6 leopard geckos
  18 orcs
  4 ball pythons
  5 bats
  15 giant cockroaches
  12 goblins
  8 hobgoblins
  15 jackals
  16 kobolds
  5 quokkas
  7 frilled lizards
  A leopard gecko skeleton (D:4)
  2 quokka zombies
  5 rats
265 creatures vanquished.

Vanquished Creatures (others)
  A steam dragon (Lair:2)
  A fungus (Lair:1)
  A plant (Lair:1)
3 creatures vanquished.

Grand Total: 268 creatures vanquished

Notes
Turn   | Place    | Note
-------+----------+-------------------------------------------
     0 | D:1      | Gynju the Merfolk Transmuter began the quest for the Orb.
     0 | D:1      | Reached XP level 1. HP: 15/15 MP: 3/3
   329 | D:1      | Reached XP level 2. HP: 11/21 MP: 3/5
  1252 | D:2      | Reached XP level 3. HP: 26/26 MP: 4/6
  2161 | D:3      | Found a glowing drain.
  2169 | D:3      | Reached XP level 4. HP: 26/32 MP: 6/8
  2229 | Sewer    | Entered a sewer
  2602 | Sewer    | Noticed a bullfrog
  2610 | Sewer    | Killed a bullfrog
  2610 | Sewer    | Reached XP level 5. HP: 26/37 MP: 7/10
  2708 | Sewer    | Identified the Compendium of the Entrancing Snowflakes
  2715 | Sewer    | Reached skill level 5 in Transmutations
  2715 | Sewer    | Reached XP level 6. HP: 32/43 MP: 9/11
  2885 | Sewer    | Learned a level 3 spell: Spider Form
  2955 | D:3      | Reached skill level 5 in Unarmed Combat
  3146 | D:3      | Found a stormy altar of Qazlal.
  3730 | D:3      | Learned a level 2 spell: Sticks to Snakes
  3750 | D:4      | Found a sparkling altar of Nemelex Xobeh.
  3915 | D:4      | Noticed a black bear
  3917 | D:4      | Found a large runed translucent door.
  3917 | D:4      | Found a large runed translucent door.
  3920 | D:4      | Found a large runed translucent door.
  3920 | D:4      | Found a large runed translucent door.
  4138 | D:4      | Got a smoking steel ring
  4227 | D:4      | Noticed Natasha
  4237 | D:4      | Killed Natasha
  4575 | D:4      | Found a bloodstained altar of Trog.
  4575 | D:4      | Noticed an eye of draining
  4592 | D:4      | Found Wankig's Assorted Antiques.
  4639 | D:4      | Reached XP level 7. HP: 45/50 MP: 10/13
  4892 | D:4      | Found a shadowy altar of Dithmenos.
  4930 | D:4      | Noticed Natasha
  4935 | D:4      | Killed Natasha
  5012 | D:4      | Noticed Robin
  5043 | D:4      | Noticed Natasha
  5384 | D:4      | Killed Natasha
  5479 | D:4      | Found a hazy altar of Hepliaklqana.
  5742 | D:4      | Found a sparkling altar of Nemelex Xobeh.
  5790 | D:4      | Reached skill level 5 in Spellcasting
  5825 | D:4      | Found Wankig's Assorted Antiques.
  5918 | D:4      | Found a shadowy altar of Dithmenos.
  5981 | D:4      | Found a hazy altar of Hepliaklqana.
  6033 | D:4      | Found a bloodstained altar of Trog.
  6120 | D:4      | Found a large runed translucent door.
  6120 | D:4      | Found a large runed translucent door.
  6141 | D:4      | Found a large runed translucent door.
  6141 | D:4      | Found a large runed translucent door.
  6343 | D:4      | Killed Robin
  6343 | D:4      | Reached skill level 5 in Dodging
  6446 | D:5      | Entered Level 5 of the Dungeon
  6570 | D:5      | Reached XP level 8. HP: 46/61 MP: 13/15
  6913 | D:5      | Reached skill level 5 in Fighting
  7136 | D:4      | Identified the cursed ring "Vaohaf" {rElec rF+ MR++ Str-3
                  | Int-4} (You found it on level 4 of the Dungeon)
  7603 | D:5      | Found a radiant altar of Vehumet.
  7842 | D:5      | Reached skill level 5 in Poison Magic
  8022 | D:6      | Found an ornate altar of the Wu Jian Council.
  8026 | D:6      | Found a sacrificial altar of Ru.
  8035 | D:6      | Became a worshipper of the Wu Jian Council
  8191 | D:6      | Noticed Sigmund
  8196 | D:6      | Noticed Eustachio
  8201 | D:6      | Killed Sigmund
  8207 | D:6      | Killed Eustachio
  8207 | D:6      | Reached XP level 9. HP: 66/68 MP: 11/17
  9108 | D:7      | Found a staircase to the Ecumenical Temple.
  9255 | D:7      | Reached * piety under Wu Jian
  9337 | D:7      | Found a hide-covered altar of Uskayaw.
 10005 | D:7      | Reached XP level 10. HP: 64/79 MP: 17/20
 10105 | D:7      | Learned a level 5 spell: Blade Hands
 10265 | D:8      | Found an opulent altar of Gozag.
 10454 | D:8      | Reached skill level 10 in Transmutations
 10780 | D:8      | Reached ** piety under Wu Jian
 10865 | D:8      | Found a white marble altar of Elyvilon.
 10947 | D:8      | Found a blossoming altar of Fedhas.
 11347 | D:8      | Found a staircase to the Lair.
 11377 | Lair:1   | Entered Level 1 of the Lair of Beasts
 11399 | Lair:1   | Noticed Fannar
 11428 | Lair:1   | Killed Fannar
 12272 | Lair:1   | Reached XP level 11. HP: 87/87 MP: 17/21
 12570 | Lair:1   | Reached skill level 1 in Stealth
 12706 | Lair:1   | HP: 4/87 [steam dragon] (4)]
 13273 | Lair:2   | Reached skill level 10 in Dodging
 13535 | Lair:2   | Reached skill level 10 in Fighting
 13535 | Lair:2   | Reached skill level 5 in Stealth
 13620 | Lair:2   | Reached *** piety under Wu Jian
 13688 | Lair:2   | Mangled by a blink frog

Illustrated notes

Levels and vault maps discovered:
D:1:      ebering_trefoil_3fold, layout_basic
D:2:      layout_loops_ring
D:3:      layout_loops_corners, grunt_qazlal_clouds, first_ration,
          portal_sewer_entry_b
D:4:      layout_loops_ring, nicolae_overflow_hidden_temple,
          trog_eyes_of_draining, nicolae_overflow_crystal_walls,
          nemelex_xobeh_ov_fountains_minmay, serial_shops,
          nicolae_shop_overgrown_old_shop, minmay_misc_feat_rows,
          minmay_hollow_rounded_squares, uniq_robin, uniq_natasha
D:5:      minmay_inner_zag, layout_gridville, vehumet_crystals
D:6:      layout_layer_cave, grunt_temple_overflow_open, uniq_sigmund,
          uniq_eustachio
D:7:      layout_basic, kennysheep_mini_moat, minmay_temple_entry_ruins,
          the_bakery, kennysheep_boxes
D:8:      layout_basic, old_standard_altar, kennysheep_little_box,
          nicolae_gozag_cash_rules_everything_around_me,
          grunt_lair_entry_orc_guard_hut, serial_bayou_pond_a
Lair:1:   layout_regular_city, chequers_serial_rivers_large_b, uniq_fannar
Lair:2:   beast_lair_carwin_large_3, layout_gridlike,
          nicolae_spider_entry_orb_guardian, bobbens_dragon_lair_wall,
          minmay_lair_oklob_chamber

Skill      XL: |  1  2  3  4  5  6  7  8  9 10 11 |
---------------+----------------------------------+-----
Transmutations | 3 4 5 8 10 | 10.0
Unarmed Combat | 4 5 7 9 |  9.5
Spellcasting   | 3 4 5 6 7 |  7.0
Dodging        | 3 5 7 9 10 | 10.0
Fighting       | 2 4 5 7 8 10 | 10.0
Poison Magic   | 5 |  5.0
Stealth        | 5 |  5.0

Action                   |  1- 3 |  4- 6 |  7- 9 | 10-12 || total
-------------------------+-------+-------+-------+-------++-------
Melee: Unarmed           |    97 |   145 |   333 |   350 ||   925
       Headbutt          |     7 |    22 |    24 |     5 ||    58
       Punch             |     1 |     5 |     3 |     1 ||    10
       Tailslap          |       |     4 |       |       ||     4
 Cast: Beastly Appendage |    14 |    28 |    18 |     2 ||    62
       Spider Form       |       |       |    21 |    25 ||    46
       Blade Hands       |       |       |       |    12 ||    12
Invok: Lunge             |       |       |     8 |    20 ||    28
       Whirlwind         |       |       |       |     5 ||     5
 Abil: End Transformatio |       |       |       |     1 ||     1
  Use: Scroll            |       |       |    15 |     1 ||    16
 Stab: Distracted        |       |       |     1 |       ||     1
       Sleeping          |       |       |     2 |     1 ||     3
  Eat: Chunk             |     4 |     8 |    19 |    10 ||    41
       Ration            |       |       |       |     2 ||     2
Armor: Robe              |    15 |    12 |    32 |    23 ||    82
       Skin              |       |       |    11 |    18 ||    29
       Steam dragon scal |       |       |       |     1 ||     1
Dodge: Dodged            |    60 |    85 |   283 |   374 ||   802
